 Dungeon Crawl Stone Soup version 0.14-a0-1974-gdb6e453 (webtiles) character file.

19782 Kae the Unseen (level 12, -17/56 HPs)
             Began as a Spriggan Enchanter on Jan 18, 2014.
             Was a High Priest of Dithmengos.
             Killed from afar by Azrael (45 damage)
             ... with a blast of hellfire
             ... on Level 14 of the Dungeon.
             The game lasted 00:32:14 (12006 turns).

Kae the Unseen (Spriggan Enchanter)                Turns: 12006, Time: 00:32:14

HP -17/56        AC  9     Str  9      XL: 12   Next: 34%
MP  22/33        EV 24     Int 19      God: Dithmengos [*****.]
Gold 579         SH  0     Dex 16      Spells:  4 memorised, 19 levels left

rFire  . . .     SeeInvis +     b - +3,+2 dagger (vamp)
rCold  . . .     Clarity  .     A - +2 robe
rNeg   . . .     Conserve .     (shield restricted)
rPois  .         rCorr    .     (helmet restricted)
rElec  .         rRot     .     g - +0 cloak
SustAb . .       Spirit   .     (gloves unavailable)
rMut   .         Warding  .     (boots unavailable)
Saprov . . .     Stasis   .     y - amulet of rage
MR     ++...                    x - +4 ring of evasion
                                o - ring of regeneration

@: burdened, wreathed by umbra, very quick, very resistant to hostile
enchantments, extraordinarily stealthy
A: unfitting armour, repulsion field 1, iridescent scales 1, see invisible,
herbivore 3, speed 3, robust 1, slow metabolism 2, strong 1
a: Shadow Step, Shadow Form, Renounce Religion, Evoke Berserk Rage


You were on level 14 of the Dungeon.
You worshipped Dithmengos.
Dithmengos was extremely pleased with you.
You were encumbered.
You were not hungry.

You visited 2 branches of the dungeon, and saw 15 of its levels.
You also visited: Bailey.

You collected 874 gold pieces.
You spent 295 gold pieces at shops.

Inventory:

Hand weapons
 a - a +2,+0 dagger
 b - a +3,+2 vampiric dagger (weapon)
Missiles
 d - 9 darts (quivered)
 E - 4 tomahawks
Armour
 g - a +0 cloak (worn)
 A - a +2 robe (worn)
Magical devices
 k - a wand of disintegration (22)
 l - a wand of polymorph (3)
Comestibles
 u - 11 bread rations
Scrolls
 e - 2 scrolls of fog
 m - 5 scrolls of remove curse
 n - 2 scrolls of vulnerability
 r - 2 scrolls of magic mapping
 s - 9 scrolls of identify
 t - 4 scrolls of amnesia
 v - a scroll of recharging
 w - 5 scrolls of teleportation
 D - 6 scrolls of enchant armour
 H - a scroll of fear
Jewellery
 o - a ring of regeneration (left hand)
 x - a +4 ring of evasion (right hand)
 y - an amulet of rage (around neck)
Potions
 f - a potion of cure mutation
 h - a potion of agility
 i - 2 potions of flight
 j - 11 potions of heal wounds
 p - 5 potions of restore abilities
 q - a potion of magic
 z - a potion of paralysis {unknown}
 B - 6 potions of curing
 C - a potion of berserk rage
 L - a potion of resistance
 M - a potion of invisibility
Books
 c - a book of Maledictions

   Spells                             Type                      Level
   *Corona                            Hexes                        1
   Sure Blade                         Hexes/Charms                 2
   *Ensorcelled Hibernation           Hexes/Ice                    2
   *Confuse                           Hexes                        3
   Enslavement                        Hexes                        4
   *Invisibility                      Hexes                        6


   Skills:
 * Level 12.7 Short Blades
 - Level 1.1 Throwing
 - Level 3.0 Dodging
 * Level 17.4 Stealth
 + Level 10.4 Spellcasting
 + Level 10.5 Hexes


You had 19 spell levels left.
You knew the following spells:

 Your Spells              Type           Power        Failure   Level  Hunger
a - Corona                Hex            ######.      1%          1    None
b - Ensorcelled Hibernat  Hex/Ice        ####..       1%          2    None
c - Confuse               Hex            ######..     1%          3    None
d - Invisibility          Hex            ######..     17%         6    ######.


Dungeon Overview and Level Annotations

Branches:
Dungeon (14/16)            Temple (1/1) D:4             Orc (0/4) D:12
   Lair: D:8-11      Vaults: D:14-15

Altars:
Ashenzari
Cheibriados
Dithmengos
Elyvilon
Fedhas
Kikubaaqudgha
Makhleb
Nemelex Xobeh
Okawaru
Sif Muna
Trog
Vehumet
Xom
Yredelemnul
Zin
the Shining One
Beogh

Shops:
D:5 *   D:10 }   D:14 (

Annotations:
D:13 Psyche
D:14 Azrael


Innate Abilities, Weirdness & Mutations

You are tiny and cannot use many weapons and most armour.
You have supernaturally acute eyesight.
You are a herbivore.
You cover ground extremely quickly.
You need consume almost no food.
You are surrounded by a mild repulsion field (EV +2).
You are partially covered in iridescent scales (AC +4).
You are robust (+10% HP).
Your muscles are strong. (Str +2)


Message History

Azrael throws fire at you.
The fireball explodes!
The fireball engulfs you!
One of your 10 scrolls of identify catches fire!
One of your 6 scrolls of teleportation catches fire!
Ouch! That really hurt!
You emit a cloud of dark smoke.
The hell hound barks!
Unknown command.
Unknown command.
Read which item? (? for menu, Esc to quit)
As you read the scroll of fear, it crumbles to dust.
You assume a fearsome visage.
Azrael is unaffected.
The fire elemental is unaffected.
The hell hound is unaffected.
The fire elemental is unaffected.
The hell hound is unaffected.
The fire elemental is unaffected.
Azrael throws hellfire at you.
The hellfire explodes!
The blast of hellfire engulfs you!
One of your 7 scrolls of enchant armour catches fire!
Ouch! That really hurt!
You die...

,,,,,,,* #...#
#........
****+########...#
#........
,,,,............#
#........
****.########''###
#........
****,**,,........#
#........
,,,,,,+,,........#
#.....%..
,,,,,**<,......§[#
###''####
*******,.......§§#
#..# *,...§E!h§@#
#..#
*******,.......§§#
#..##
,,,,,,+,,......§§#
#...#
*,*****,,..ERhE..#
##..# *,*
*,,.§..§...# #..#
*,* *,,,.......#
#..# *,*
*****#+#####
###'### *,*
*,,,,,,,,,,*
#.'∩'..
*,*****,,*******,*
#.#+###


You could see Azrael, 3 fire elementals and 2 hell hounds.

Vanquished Creatures
  3 unseen horrors
  3 skeletal warriors (D:12)
  2 hill giants
  2 orc knights
  A red wasp (shapeshifter) (D:13)
  The ghost of Kae the Basher, an experienced MiFi of Okawaru (D:6)
  A feature mimic (D:10)
  3 two-headed ogres
  2 trolls
  A grizzly bear (D:12)
  A trapdoor spider (D:12)
  5 ugly things (D:13)
  10 yaks
  2 hill giant zombies
  3 hungry ghosts
  A wraith (D:14)
  3 wyverns
  3 vampire mosquitoes (D:12)
  A hippogriff (D:14)
  A hill giant skeleton (D:12)
  A manticore (D:11)
  A spriggan skeleton (D:12)
  A hell hound (D:14)
  A soldier ant (shapeshifter) (D:14)
  An ice beast (D:8)
  2 sky beasts
  18 orc warriors
  A lava worm (D:11)
  3 ogres
  A crocodile (D:10)
  3 phantoms
  5 centaurs
  A fire crab zombie (D:12)
  A brain worm (D:14)
  A water moccasin (D:5)
  A wyvern zombie (D:11)
  Blork the orc (D:9)
  11 giant frogs
  A cyclops zombie (D:12)
  2 cyclops skeletons
  A yak zombie (D:11)
  15 killer bees
  A troll zombie (D:13)
  3 lava fish (D:11)
  3 wights (D:11)
  6 crimson imps
  5 hounds
  A goliath beetle (D:11)
  4 jellies
  A gnoll shaman (D:6)
  A giant frog zombie (D:5)
  Crazy Yiuf (D:4)
  6 scorpions
  4 orc priests
  2 centaur skeletons
  4 iguanas
  9 worker ants
  6 orc wizards
  A hound skeleton (D:7)
  A mummy (D:8)
  2 adders
  A giant centipede (D:11)
  10 gnolls
  A shadow imp (D:12)
  2 giant mites
  2 worms
  An iguana zombie (D:11)
  A giant eyeball (D:8)
  5 giant geckos
  An ooze (D:1)
  80 orcs
  10 bats
  A bat zombie (D:6)
  18 hobgoblins
  3 ball pythons
  2 giant cockroaches (D:4)
  A giant cockroach zombie (D:5)
  4 giant newts
  2 giant spores
  24 goblins
  A hobgoblin skeleton (D:5)
  12 jackals
  16 kobolds
  2 kobold skeletons (D:7)
  An orc skeleton (D:8)
  3 quokkas
  A quokka zombie (D:6)
  8 rats
  4 ballistomycetes
400 creatures vanquished.

Notes
Turn   | Place    | Note
--------------------------------------------------------------
     0 | D:1      | Kae, the Spriggan Enchanter, began the quest for the Orb.
     0 | D:1      | Reached XP level 1. HP: 9/9 MP: 4/4
   263 | D:1      | Reached XP level 2. HP: 5/13 MP: 5/7
   422 | D:1      | Learned a level 2 spell: Ensorcelled Hibernation
   984 | D:1      | Reached skill level 4 in Hexes
  1300 | D:2      | Reached XP level 3. HP: 11/16 MP: 8/11
  1911 | D:2      | Found a deep blue altar of Sif Muna.
  2053 | D:3      | Found a basalt altar of Yredelemnul.
  2053 | D:3      | Found a glowing silver altar of Zin.
  2062 | D:3      | Reached XP level 4. HP: 17/21 MP: 3/13
  2436 | D:3      | Found a white marble altar of Elyvilon.
  2436 | D:3      | Found an iron altar of Okawaru.
  2437 | D:3      | Found a sparkling altar of Nemelex Xobeh.
  2706 | D:4      | Found a staircase to the Ecumenical Temple.
  2714 | Temple   | Entered the Ecumenical Temple
  2740 | Temple   | Became a worshipper of Dithmengos
  2783 | D:4      | Reached XP level 5. HP: 24/24 MP: 12/17
  2786 | D:4      | Reached skill level 5 in Stealth
  2812 | D:4      | Noticed an ogre
  2818 | D:4      | Killed an ogre
  2979 | D:4      | Reached XP level 6. HP: 28/28 MP: 11/20
  3023 | D:4      | Noticed Crazy Yiuf
  3029 | D:4      | Killed Crazy Yiuf
  3029 | D:4      | Reached skill level 5 in Hexes
  3142 | D:4      | Reached skill level 6 in Stealth
  3392 | D:4      | Found a radiant altar of Vehumet.
  3393 | D:4      | Found a burning altar of Makhleb.
  3537 | D:4      | Reached skill level 7 in Stealth
  3537 | D:4      | Reached XP level 7. HP: 32/32 MP: 19/22
  3672 | D:5      | Entered Level 5 of the Dungeon
  3703 | D:5      | Reached skill level 5 in Short Blades
  4012 | D:5      | Reached skill level 8 in Stealth
  4012 | D:5      | Reached skill level 5 in Spellcasting
  4140 | D:5      | Found Usagha's Serpentskin Sales.
  4146 | D:5      | Bought a potion of poison for 11 gold pieces
  4387 | D:6      | Noticed Kae's ghost (experienced MiFi)
  4402 | D:6      | Learned a level 3 spell: Confuse
  4781 | D:6      | Killed Kae's ghost
  4781 | D:6      | Reached skill level 9 in Stealth
  4781 | D:6      | Reached XP level 8. HP: 34/36 MP: 6/25
  4982 | D:6      | Found an iron altar of Okawaru.
  5081 | D:6      | Found a burning altar of Makhleb.
  5384 | D:6      | Reached skill level 10 in Stealth
  5587 | D:7      | Acquired Dithmengos' first power
  6166 | D:7      | Found a bloodstained altar of Trog.
  6170 | D:7      | Found a blossoming altar of Fedhas.
  6173 | D:7      | Found a deep blue altar of Sif Muna.
  6241 | D:8      | Reached XP level 9. HP: 39/39 MP: 27/27
  6446 | D:8      | Gained mutation: You are surrounded by a mild repulsion field (EV +2). [potion of mutation]
  6446 | D:8      | Gained mutation: You are partially covered in iridescent scales (AC +4). [potion of mutation]
  6659 | D:8      | Reached skill level 11 in Stealth
  7220 | D:8      | Acquired Dithmengos' second power
  7483 | D:9      | Noticed Blork the orc
  7488 | D:9      | Killed Blork the orc
  7559 | D:9      | Reached skill level 12 in Stealth
  7654 | D:9      | Found a bloodstained altar of Trog.
  8043 | D:10     | Entered Level 10 of the Dungeon
  8056 | D:10     | Reached XP level 10. HP: 44/44 MP: 29/29
  8058 | D:10     | Reached skill level 13 in Stealth
  8114 | D:10     | Found Saclulat's Gadget Emporium.
  8114 | D:10     | Noticed an unseen horror
  8120 | D:10     | Killed an unseen horror
  8235 | D:10     | Found a flagged portal.
  8262 | Bailey   | Entered a bailey
  8341 | Bailey   | Learned a level 6 spell: Invisibility
  8671 | Bailey   | Acquired Dithmengos' third power
  8731 | Bailey   | Gained mutation: Your muscles are strong. (Str +2) [potion of beneficial mutation]
  8732 | Bailey   | Gained mutation: You are robust (+10% HP). [potion of beneficial mutation]
  8789 | Bailey   | Reached skill level 14 in Stealth
  8820 | Bailey   | Noticed an orc knight
  8821 | Bailey   | Reached skill level 10 in Short Blades
  8833 | Bailey   | Killed an orc knight
  9096 | D:10     | Noticed a hill giant
  9103 | D:10     | Killed a hill giant
  9567 | D:11     | Reached XP level 11. HP: 51/51 MP: 31/31
  9591 | D:11     | Noticed a hill giant
  9597 | D:11     | Killed a hill giant
  9597 | D:11     | Reached skill level 15 in Stealth
  9653 | D:11     | Noticed an unseen horror
  9662 | D:11     | Killed an unseen horror
 10645 | D:12     | Reached skill level 16 in Stealth
 10669 | D:12     | Found a staircase to the Orcish Mines.
 10800 | D:12     | Noticed a skeletal warrior
 10803 | D:12     | Found a roughly hewn altar of Beogh.
 10803 | D:12     | Noticed a skeletal warrior
 10811 | D:12     | Noticed a skeletal warrior
 10831 | D:12     | Acquired Dithmengos' fourth power
 10847 | D:12     | Killed a skeletal warrior
 10873 | D:12     | Killed a skeletal warrior
 10878 | D:12     | Reached skill level 10 in Spellcasting
 10878 | D:12     | Reached skill level 10 in Hexes
 10885 | D:12     | Killed a skeletal warrior
 11109 | D:12     | Reached XP level 12. HP: 53/56 MP: 26/33
 11359 | D:13     | Noticed Psyche
 11360 | D:13     | Reached skill level 17 in Stealth
 11711 | D:14     | Found Maaveakou's Weapon Shop.
 11714 | D:14     | Bought a +1,+0 vampiric dagger for 284 gold pieces
 11839 | D:14     | Found an ancient bone altar of Kikubaaqudgha.
 12004 | D:14     | Noticed Azrael
 12006 | D:14     | Killed from afar by Azrael

Action                   |  1- 3 |  4- 6 |  7- 9 | 10-12 || total
-------------------------+-------+-------+-------+-------++-------
Melee: Dagger            |   148 |   153 |   387 |   409 ||  1097
Throw: Dart              |       |       |    13 |     1 ||    14
 Cast: Corona            |     3 |       |     5 |       ||     8
       Ensorcelled Hiber |    14 |    42 |    61 |    78 ||   195
       Confuse           |       |       |    26 |    24 ||    50
       Invisibility      |       |       |       |     9 ||     9
Invok: Shadow Step       |       |       |     1 |     4 ||     5
Evoke: Wand              |       |       |     6 |     2 ||     8
  Use: Potion            |       |     1 |    10 |     4 ||    15
       Scroll            |       |       |    20 |    15 ||    35
 Stab: Sleeping          |    12 |    45 |    90 |   123 ||   270
       Distracted        |       |     1 |     5 |     2 ||     8
       Confused          |       |       |     7 |    10 ||    17
       Invisible         |       |       |       |    43 ||    43
